Map: Daybreak LE (Void)

Players

Helpmedecide

  • Race: Terran Terran
  • League: Silver
  • Spawn Location: 1:00

Fropez - Winner!

  • Race: Protoss Protoss
  • League: Gold
  • Spawn Location: 7:00

VOD

Have the link to the VOD?

Description

Time

  • Played on: Dec. 10, 2016, 10:37 a.m.
  • Length: 9:02
Show
View Real Time Build Order
Export as new Build Order

Helpmedecide Terran 

Build Orders: MMM Bio 

Get SALT Encoding   

  12  0:06  SCV  
  13  0:18  SCV  
  13  0:19  Supply Depot  
  14  0:32  SCV  
  15  0:44  SCV, Barracks  
  15  0:48  Refinery  
  16  1:02  SCV  
  17  1:14  SCV  
  18  1:33  Supply Depot  
  18  1:36  Barracks Tech Lab  
  18  1:40  SCV  
  19  1:48  Barracks  
  19  1:52  SCV  
  20  2:00  Barracks  
  20  2:07  Stimpack  
  20  2:10  Marine  
  20  2:13  Supply Depot  
  21  2:27  Orbital Command  
  21  2:28  Marine  
  22  2:35  Barracks Reactor  
  22  2:36  Supply Depot  
  22  2:48  Barracks  
  22  2:52  Marine  
  22  2:53  Barracks Reactor  
  23  3:10  Marine  
  24  3:19  Factory  
  24  3:23  Marine x2  
  26  3:27  Marine  
  26  3:32  Marine x2  
  29  3:41  Marine x2, Barracks Reactor  
  31  3:45  Marine  
  32  3:49  Marine  
  32  3:50  Marine  
  34  3:58  Marine x2  
  36  4:03  Marine  
  36  4:06  Hellion  
  36  4:07  Marine x2  
  41  4:23  Marine  
  41  4:24  Marine x4  
  43  4:25  Marine  
  47  4:36  Refinery  
  47  4:42  Supply Depot  
  47  4:55  Combat Shields  
  47  5:04  Marine x2, Hellion  
  47  5:06  Supply Depot  
  46  5:29  Supply Depot  
  44  5:49  Marine x7  
  48  6:03  Widow Mine  
  50  6:07  Marine x7  
  57  6:47  Marine x4  
  57  6:48  Marine x3  
  63  7:05  Marine x5  
  63  7:06  Marine  
  43  7:16  Marine  
  34  7:23  Marine x6  
  40  7:34  Marine  
  39  7:58  Command Center  
  31  8:34  Marine  
  31  8:35  Marine x6  
Show
View Real Time Build Order
Export as new Build Order

Fropez Protoss - Winner!

Build Orders: Zealot Archon 

Get SALT Encoding   

  12  0:01  Probe (Chrono Boost)  
  13  0:14  Pylon  
  13  0:17  Probe (Chrono Boost)  
  14  0:28  Probe (Chrono Boost)  
  15  0:35  Gateway  
  15  0:38  Probe (Chrono Boost)  
  16  0:45  Assimilator  
  16  0:49  Probe (Chrono Boost)  
  17  0:59  Probe (Chrono Boost)  
  18  1:10  Probe (Chrono Boost)  
  19  1:15  Assimilator  
  19  1:20  Probe (Chrono Boost)  
  20  1:31  Probe (Chrono Boost)  
  21  1:35  Pylon  
  21  1:45  Nexus  
  21  1:56  Cybernetics Core  
  21  2:05  Probe (Chrono Boost)  
  22  2:16  Probe (Chrono Boost)  
  23  2:23  Gateway  
  23  2:26  Probe (Chrono Boost)  
  24  2:37  Pylon, Probe (Chrono Boost)  
  25  2:50  Mothership Core (Chrono Boost)  
  27  2:52  Stalker  
  27  2:53  Warp Gate (Chrono Boost)  
  27  2:56  Probe  
  30  3:06  Probe  
  30  3:10  Stalker  
  33  3:13  Probe  
  33  3:17  Probe  
  35  3:25  Probe  
  36  3:28  Probe  
  37  3:37  Probe  
  37  3:38  Probe  
  37  3:40  Stalker x2  
  43  3:48  Twilight Council  
  43  3:49  Probe x2  
  43  3:50  Pylon  
  45  3:59  Probe  
  45  4:02  Probe  
  47  4:08  Pylon  
  47  4:10  Probe, Stalker  
  47  4:15  Probe  
  47  4:16  Pylon  
  51  4:20  Probe  
  51  4:24  Assimilator  
  52  4:25  Assimilator  
  52  4:28  Pylon, Probe  
  53  4:34  Resonating Glaives (Chrono Boost)  
  53  4:46  Gateway  
  53  4:50  Adept x2  
  57  4:54  Robotics Facility  
  57  4:58  Pylon  
  57  5:00  Pylon  
  57  5:11  Probe x2  
  57  5:13  Templar Archives  
  59  5:31  Adept x2  
  59  5:52  Warp Prism  
  61  5:59  Adept x2  
  61  6:00  Adept  
  67  6:06  Pylon, Probe  
  67  6:07  Probe  
  69  6:20  Adept  
  69  6:21  Adept x2  
  75  6:29  Immortal  
  78  6:56  Adept x3  
  74  7:31  High Templar x2  
  78  7:39  Archon  
  74  7:51  Probe  
  74  7:53  Probe  
  74  7:58  Observer  
  63  8:59  Gateway  
  63  9:00  Nexus  
Tags
 
Add a new tag
Caveats
  • Supply blocks, unpowered buildings, or Contaminate may cause inaccurate times.
  • Supply counts are checked every 10 seconds.